 Dungeon Crawl Stone Soup version 0.29.0-4-gdea44cf6ec (webtiles) character file.

Game seed: 10467109893804623407

73 freelancePsychic the Ruffian (level 4, -1/34 HPs)
             Began as a Barachi Transmuter on Aug 28, 2022.
             Slain by a jackal (2 damage)
             ... on level 2 of the Dungeon.
             The game lasted 00:03:50 (2376 turns).

freelancePsychic the Ruffian (Barachi Transmuter)   Turns: 2376, Time: 00:03:50

Health: -1/34      AC:  3    Str: 13    XL:     4   Next: 27%
Magic:  7/7        EV: 11    Int: 14    God:
Gold:   104        SH:  0    Dex: 12    Spells: 6/7 levels left

rFire   . . .      SeeInvis .   h - +0 quarterstaff
rCold   . . .      Faith    .   (shield currently unavailable)
rNeg    . . .      Spirit   .   b - +0 leather armour
rPois   .          Reflect  .   (no helmet)
rElec   .          Harm     .   (no cloak)
rCorr   .          Rampage  .   (no gloves)
Will    .....                   (no boots)
Stlth   ++........              (no amulet)
HPRegen 0.11/turn               (no ring)
MPRegen 0.10/turn               (no ring)

@: slow
A: amphibious, slowness 1, strong legs 1, +LOS
a: Hop


You were on level 2 of the Dungeon.
You visited 1 branch of the dungeon, and saw 2 of its levels.

You collected 104 gold pieces.

Inventory:

Hand Weapons
 e - a +0 whip
 h - a +0 quarterstaff (weapon)
Missiles
 g - 2 poisoned darts
Armour
 a - a +0 robe
 b - a +0 leather armour (worn)
 l - a +0 scale mail
Jewellery
 i - an amulet of faith
Scrolls
 c - a scroll of noise {unknown}
 j - a scroll of teleportation {unknown}
 k - a scroll of magic mapping {unknown}
 m - a scroll of fear {unknown}


   Skills:
 + Level 2.7 Fighting
 * Level 1.1 Short Blades
 - Level 2.0 Maces & Flails
 - Level 2.1 Dodging
 - Level 1.6 Stealth
 - Level 3.4 Unarmed Combat
 - Level 2.1 Spellcasting
 - Level 2.1 Transmutations


You had 6 spell levels left.
You knew the following spells:

 Your Spells              Type           Power      Damage    Failure   Level
a - Beastly Appendage     Tmut           14%        N/A       12%         1

Your spell library contained the following spells:

 Spells                   Type           Power      Damage    Failure   Level
 Wereblood                Tmut           7%         N/A       19%         2
 Spider Form              Tmut/Pois      4%         N/A       50%         3
 Ice Form                 Ice/Tmut       4%         N/A       88%         4


Dungeon Overview and Level Annotations

Branches:
Dungeon (2/15)

Altars:


Innate Abilities, Weirdness & Mutations

You are amphibious.
You cover ground slowly.
You can hop short distances.
You have an extended range of vision and can be seen from far away.


Message History

You miss the jackal. The jackal misses you. The jackal bites you.
The jackal closely misses you.
You hit the jackal but do no damage. The jackal bites you.
The jackal bites you but does no damage. x2
You closely miss the jackal. The jackal bites you.
* * * LOW HITPOINT WARNING * * *
The jackal bites you.
* * * LOW HITPOINT WARNING * * *
The jackal closely misses you. The jackal bites you.
* * * LOW HITPOINT WARNING * * *
You hit the jackal.
You kill the jackal!
The jackal bites you.
* * * LOW HITPOINT WARNING * * *
The jackal bites you.
* * * LOW HITPOINT WARNING * * *
Okay, then.
You aren't carrying any potions.
You aren't carrying any potions.
As you read the scroll labelled CORHONIADA, it crumbles to dust.
Wisps of shadow whirl around you...
It was a scroll of summoning.
The goblin shouts!
The jackal bites you but does no damage.
The jackal bites you.
* * * LOW HITPOINT WARNING * * *
The jackal bites you but does no damage.
You swap places.
The jackal bites your rat.
The jackal bites your rat but does no damage.
The goblin unwields a +2 dagger of electrocution.
It stops crackling.
The goblin wields a +0 sling.
The goblin shoots a sling bullet.
The sling bullet closely misses your frilled lizard.
The sling bullet misses you. The sling bullet hits your rat.
Your rat dies!
Your rat's corpse dissolves into shadows!
Your endoplasm hits the jackal.
As you read the scroll labelled KYSHRI KUPHYD, it crumbles to dust.
You hear the tinkle of a tiny bell.
It was a scroll of butterflies.
The jackal bites you.
You die...

@<.$.# #######
##.####... gS....#
.......##..# #....
.§....#
#####....####....
>§.....#
#.......###.)....
.......[#
...#####.....(#...
......#....## #
#####...... .....##
##g...#### ###......
....#. ......bbl###
###...#.##. .##.#..
#@hh# #....##.###
###b####.##.##.# #
#.JJ....##.##.# #
.......[.........# #
. ..###............#
..
#..#######........##
#.# ##..##... ...
..## .# .>. ## #


You could see 2 jackals, a goblin, a friendly endoplasm (summoned) and a
friendly frilled lizard (summoned).

Vanquished Creatures
  Jessica (D:2)
  A dart slug (D:2)
  6 endoplasms
  2 giant cockroaches (D:1)
  5 goblins (D:1)
  3 hobgoblins
  6 jackals
  4 ball pythons (D:1)
  5 bats
  A frilled lizard (D:1)
  A kobold (D:1)
  6 rats (D:1)
41 creatures vanquished.

Vanquished Creatures (others)
  An endoplasm (D:1)
  4 plants (D:1)
5 creatures vanquished.

Grand Total: 46 creatures vanquished

Notes
Turn   | Place    | Note
-------+----------+-------------------------------------------
     0 | D:1      | freelancePsychic the Barachi Transmuter began the quest for
                  | the Orb.
     0 | D:1      | Reached XP level 1. HP: 15/15 MP: 3/3
   426 | D:1      | Reached XP level 2. HP: 18/21 MP: 5/5
   444 | D:1      | Reached skill level 1 in Stealth
  1294 | D:1      | Reached XP level 3. HP: 26/27 MP: 6/6
  1396 | D:1      | Reached skill level 1 in Maces & Flails
  1940 | D:2      | Noticed Jessica
  2161 | D:2      | Killed Jessica
  2162 | D:2      | Reached XP level 4. HP: 14/34 MP: 7/7
  2357 | D:2      | Reached skill level 1 in Short Blades
  2374 | D:2      | HP: 1/34 [jackal (2)]
  2376 | D:2      | Slain by a jackal

Illustrated notes

Levels and vault maps discovered:
D:1:      minmay_arrival_pointy, layout_basic, serial_forest,
          infiniplex_forest_clump_C, infiniplex_forest_lined_3,
          infiniplex_forest_side_room, infiniplex_forest_straight_5,
          infiniplex_forest_straight_4, infiniplex_forest_join,
          lemuel_flame_loot_1
D:2:      layout_rooms, shapermc_ecumenical_altar_venn, nrook_mini_vaults,
          uniq_jessica

Skill      XL: |  1  2  3  4 |
---------------+-------------+-----
Stealth        | 1 |  1.6
Fighting       | 2 |  2.7
Maces & Flails | 2 |  2.0
Short Blades   | 1 |  1.1
Dodging        | |  2.1
Unarmed Combat | |  3.4
Spellcasting   | |  2.1
Transmutations | |  2.1

Action                   |  1- 3 |  4- 6 || total
-------------------------+-------+-------++-------
Melee: Unarmed           |    26 |       ||    26
       Whip              |    80 |       ||    80
       Kick              |     8 |       ||     8
       Headbutt          |     1 |       ||     1
       Punch             |     4 |       ||     4
       Quarterstaff      |    18 |    16 ||    34
 Cast: Beastly Appendage |     5 |       ||     5
  Use: Potion            |     2 |       ||     2
       Scroll            |       |     2 ||     2
 Stab: Sleeping          |     1 |       ||     1
Armor: Robe              |     2 |       ||     2
       Skin              |     5 |       ||     5
       Leather armour    |    27 |    13 ||    40
Dodge: Dodged            |    93 |    28 ||   121
